 Dungeon Crawl Stone Soup version 0.29-a0-817-g9904bce7a6 (webtiles) character file.

Game seed: 6696141821994872628

200 Mgcat the Ogre Mage (level 5, -1/45 HPs)
             Began as an Ogre Fire Elementalist on July 5, 2022.
             Succumbed to Terence's poison
             ... on level 2 of the Dungeon.
             The game lasted 00:04:51 (2450 turns).

Mgcat the Ogre Mage (Ogre Fire Elementalist)        Turns: 2450, Time: 00:04:52

Health: -1/45      AC:  3    Str: 12    XL:     5   Next: 78%
Magic:  2/10       EV:  9    Int: 18    God:
Gold:   120        SH:  0    Dex:  9    Spells: 3/11 levels left

rFire   + . .      SeeInvis .   c - +0 club
rCold   . . .      Faith    .   (no shield)
rNeg    . . .      Spirit   .   a - +0 robe
rPois   .          Reflect  .   (helmet restricted)
rElec   .          Harm     .   (no cloak)
rCorr   .          Rampage  .   (gloves unavailable)
Will    .....                   (boots unavailable)
Stlth   ++........              (no amulet)
HPRegen 0.15/turn               k - ring of protection from fire {rF+, !d}
MPRegen 0.12/turn               (no ring)

@: brilliant, lethally poisoned (-1 -> -12), very slightly contaminated,
invisible
A: large, unfitting armour, tough skin 1
a: no special abilities


You were on level 2 of the Dungeon.
You visited 1 branch of the dungeon, and saw 2 of its levels.

You collected 120 gold pieces.

Inventory:

Hand Weapons
 c - a +0 club (weapon)
   (You took it off a goblin on level 1 of the Dungeon)
Armour
 a - a +0 robe (worn)
Jewellery
 k - a ring of protection from fire (left hand) {rF+, !d}
   (You found it on level 2 of the Dungeon)
Scrolls
 d - a scroll of enchant weapon {unknown}
 e - 3 scrolls of amnesia {unknown}
 f - 4 scrolls of identify {unknown}
 i - a scroll of magic mapping {unknown}
Potions
 b - a potion of magic
 g - a potion of brilliance


   Skills:
 - Level 1.7 Dodging
 + Level 2.4 Stealth
 + Level 3.5 Spellcasting
 * Level 3.1 Conjurations
 + Level 3.5 Fire Magic


You had 3 spell levels left.
You knew the following spells:

 Your Spells              Type           Power      Damage    Failure   Level
a - Foxfire               Conj/Fire      88%        2x1d8     4%          1
b - Scorch                Fire           46%        2d7       5%          2
c - Magic Dart            Conj           84%        1d7       4%          1
d - Flame Wave            Conj/Fire      22%        2d7       36%         4

Your spell library contained the following spells:

 Spells                   Type           Power      Damage    Failure   Level
 Conjure Flame            Conj/Fire      22%        6-21      12%         3
 Inner Flame              Hex/Fire       14%        N/A       22%         3
 Call Imp                 Summ           4%         N/A       24%         2
 Mephitic Cloud           Conj/Pois/Air  10%        N/A       30%         3


Dungeon Overview and Level Annotations

Branches:
Dungeon (2/15)

Altars:
Xom

Shops:
D:1 [

Annotations:
D:2 Terence


Innate Abilities, Weirdness & Mutations

You are too large for most types of armour.
You have tough skin. (AC +1)


Message History

The magic dart hits the worm.
The worm is almost dead.
The worm bites you!
You take 10 damage, and have 35/45 hp.
MASSIVE DAMAGE!!
You now have 3/10 mp.
Casting: Magic Dart (safe; 4% risk of failure)
Confirm with . or Enter, or press ? or * to list all spells.
Aiming: Magic Dart (safe; 4% risk of failure)
Press: ? - help, Shift-Dir - straight line, f/p - worm
Aim: a worm (severely wounded, 100% to hit)
The magic dart hits the worm but does no damage.
The worm is severely wounded.
The worm bites you but does no damage.
Casting: Magic Dart (safe; 4% risk of failure)
Confirm with . or Enter, or press ? or * to list all spells.
Aiming: Magic Dart (safe; 4% risk of failure)
Press: ? - help, Shift-Dir - straight line, f/p - worm
Aim: a worm (severely wounded, 100% to hit)
The magic dart hits the worm.
You kill the worm!
You now have 2/10 mp.
Health restored: 45; MP restored: 10
Okay, then.
Unknown command.
Unknown command.
This spell is quite dangerous to cast!
Memorise Flame Wave, consuming 4 spell levels and leaving 3?
You start memorising the spell.
You continue memorising. x4
You finish memorising.
Spell assigned to 'd'.
There is a stone staircase leading up, spattered with blood here.
Found an escape hatch in the ceiling.
There is an escape hatch in the ceiling here.
Terence the Incautious comes into view.
He is wielding a +1 flail of venom.
Terence shouts!
Terence says, "Time to say good-bye..."
Unknown command.
Casting: Magic Dart (safe; 4% risk of failure)
Confirm with . or Enter, or press ? or * to list all spells.
You conjure some foxfire!
Terence screams, "I'm going to kill you!"
The foxfire hits Terence but does no damage.
You now have 9/10 mp.
Casting: Foxfire (safe; 4% risk of failure)
Confirm with . or Enter, or press ? or * to list all spells.
Aiming: Magic Dart (safe; 4% risk of failure)
Press: ? - help, Shift-Dir - straight line, f - Terence
Aim: Terence, wielding a +1 flail of venom and wearing a +0 scale mail (ally target, 100% to hit)
You miscast Magic Dart.
You are very lightly contaminated with residual magic.
Nothing appears to happen.
Terence says, "Time to say good-bye..."
You now have 8/10 mp.
Casting: Magic Dart (safe; 4% risk of failure)
Confirm with . or Enter, or press ? or * to list all spells.
Flames lash Terence.
Terence is moderately wounded.
Terence's fire resistance burns away.
You now have 6/10 mp.
Casting: Scorch (safe; 5% risk of failure)
Confirm with . or Enter, or press ? or * to list all spells.
Flames lash Terence.
Terence is burned terribly!
Terence is severely wounded.
Terence hits you with a +1 flail of venom!
You are poisoned.
You feel very sick.
Terence hits you with a +1 flail of venom!
You are lethally poisoned!
You take 19 damage, and have 26/45 hp.
MASSIVE DAMAGE!!
You now have 4/10 mp.
Casting: Scorch (safe; 5% risk of failure)
Confirm with . or Enter, or press ? or * to list all spells.
You miscast Scorch.
Nothing appears to happen.
You feel very sick.
Terence hits you with a +1 flail of venom!
* * * LOW HITPOINT WARNING * * *
You are more poisoned.
You take 16 damage, and have 10/45 hp.
MASSIVE DAMAGE!!
You now have 2/10 mp.
It was a potion of brilliance.
You feel clever all of a sudden.
* * * LOW HITPOINT WARNING * * *
You feel extremely sick. Terence completely misses you.
You take 9 damage, and have 1/45 hp.
It was a potion of curing.
You feel better.
Terence hits you with a +1 flail of venom.
* * * LOW HITPOINT WARNING * * *
You regained 3 hp, and now have 4/45 hp.
Casting: Scorch (safe; 5% risk of failure)
Confirm with . or Enter, or press ? or * to list all spells.
Aiming: Magic Dart (safe; 4% risk of failure)
Press: ? - help, Shift-Dir - straight line, f/p - Terence
Aim: Terence, wielding a +1 flail of venom and wearing a +0 scale mail (severely wounded, more vulnerable to fire, 100% to hit)
You feel a surge of power!
The magic dart hits Terence but does no damage.
Terence is severely wounded.
Terence hits you with a +1 flail of venom.
* * * LOW HITPOINT WARNING * * *
You are lethally poisoned!
You take 2 damage, and have 2/45 hp.
You now have 2/10 mp.
It was a potion of invisibility.
You fade into invisibility!
You die...

≈≈≈≈.....
≈≈≈≈.≈.... #..
≈≈≈≈≈.P... ...
≈P≈≈≈P≈.. #.#
≈≈≈≈≈≈≈## #.#
.≈.≈≈≈≈≈### #.#
....≈≈≈≈≈≈#
###.#####
#...≈≈≈≈≈≈≈
#..@....#
##...≈≈#≈ ###@#
###..≈≈#### #<..#
# #.......# ##..#
# ##......# #...#
#####..#### ##.##
......#########.#
................#
.################
##


You could see Terence (unable to see you, combustible).

Vanquished Creatures
  Sigmund (D:2)
  An adder (D:2)
  A worm (D:2)
  A dart slug (D:2)
  3 ball pythons
  3 bats
  2 endoplasms (D:1)
  2 giant cockroaches (D:1)
  3 hobgoblins (D:1)
  A quokka (D:1)
  3 frilled lizards
  5 goblins
  A kobold (D:1)
  A rat (D:1)
28 creatures vanquished.

Vanquished Creatures (collateral kills)
  A foxfire (D:1)
1 creature vanquished.

Vanquished Creatures (others)
  38 foxfires
  5 plants (D:2)
43 creatures vanquished.

Grand Total: 72 creatures vanquished

Notes
Turn   | Place    | Note
-------+----------+-------------------------------------------
     0 | D:1      | Mgcat the Ogre Fire Elementalist began the quest for the
                  | Orb.
     0 | D:1      | Reached XP level 1. HP: 16/16 MP: 3/3
    74 | D:1      | Reached skill level 1 in Conjurations
   165 | D:1      | Noticed a golden eye
   168 | D:1      | Found a faded altar of an unknown god.
   170 | D:1      | Noticed a floating eye
   170 | D:1      | Noticed a great orb of eyes
   170 | D:1      | Noticed a shining eye
   297 | D:1      | Reached XP level 2. HP: 24/24 MP: 3/5
   382 | D:1      | Learned a level 2 spell: Scorch
   429 | D:1      | Learned a level 1 spell: Magic Dart
   506 | D:1      | Found Cedghecs's Antique Armour Boutique.
  1390 | D:2      | Reached XP level 3. HP: 31/31 MP: 4/7
  1531 | D:2      | Noticed Sigmund
  1544 | D:2      | HP: 3/31 [Sigmund/+0 scythe (18)]
  1547 | D:2      | HP: 1/31 [Sigmund/+0 scythe (2)]
  1548 | D:2      | Killed Sigmund
  1549 | D:2      | Reached skill level 2 in Stealth
  1549 | D:2      | Reached skill level 3 in Spellcasting
  1549 | D:2      | Reached skill level 3 in Conjurations
  1549 | D:2      | Reached skill level 3 in Fire Magic
  1549 | D:2      | Reached XP level 4. HP: 2/39 MP: 0/9
  1549 | D:2      | Reached XP level 5. HP: 2/45 MP: 0/10
  1965 | D:2      | Found a shimmering altar of Xom.
  2385 | D:2      | Learned a level 4 spell: Flame Wave
  2438 | D:2      | Noticed Terence
  2446 | D:2      | HP: 10/45 [Terence/+1 flail of venom (10)]
  2447 | D:2      | HP: 1/45 [poisoned by Terence]
  2450 | D:2      | Succumbed to Terence's poison

Illustrated notes

Levels and vault maps discovered:
D:1:      denvon_arrival_planthouse, layout_loops_cross,
          hellmonk_ecumenical_altar_watching_god, serial_shops,
          nicolae_shop_waterfront, roderic_roman_lattice,
          kennysheep_nondescript, minmay_misc_feat_tiny, serial_bayou_pond_c,
          minmay_heptomino_h4
D:2:      layout_loops_ring, serial_aquarium, aquarium_bridge_straight
          [aquarium_subvault_bridge, aquarium_subvault_wall,
          aquarium_subvault_bridge, aquarium_subvault_window],
          aquarium_window_1, aquarium_window_corner, aquarium_window_corridor_3,
          aquarium_window_2, aquarium_view_2b, aquarium_balcony_1b,
          aquarium_pool_2, basic_altar, chequers_big_river, lemuel_flame_loot_1,
          uniq_sigmund, uniq_terence

Skill      XL: |  1  2  3 |
---------------+----------+-----
Conjurations   | 1 3 |  3.1
Stealth        | 2 |  2.4
Spellcasting   | 3 |  3.5
Fire Magic     | 3 |  3.5
Dodging        | |  1.7

Action                   |  1- 3 |  4- 6 || total
-------------------------+-------+-------++-------
Melee: Club              |    19 |       ||    19
       Punch             |     1 |       ||     1
 Cast: Foxfire           |    14 |     7 ||    21
       Magic Dart        |    18 |     9 ||    27
       Scorch            |    15 |     5 ||    20
  Use: Potion            |       |     3 ||     3
Armor: Robe              |    15 |     1 ||    16
Dodge: Dodged            |    11 |     3 ||    14

Table legend: (Time is in decaauts)
 A = Elapsed time spent in this place.
 B = Non-inter-level travel time spent in this place.
 C = Inter-level travel time spent in this place.
 D = Time resting spent in this place.
 E = Time spent auto-exploring this place.
 F = Levels seen in this place.
 G = Mean time per level.
                   A        B        C        D        E       F      G
               +--------+--------+--------+--------+--------+-----+--------+
         Total |   2463 |   2429 |     34 |    526 |   1622 |   2 | 1231.5 |
       Dungeon |   2463 |   2429 |     34 |    526 |   1622 |   2 | 1231.5 |
               +--------+--------+--------+--------+--------+-----+--------+

Top non-repeatable levels by time:
     D:1: 1361 daAuts
     D:2: 1101 daAuts

Table legend:
 A = Kills in this place as a percentage of kills in entire the game.
 B = Kills by you in this place as a percentage of kills by you in the entire game.
 C = Kills by friends in this place as a percentage of kills by friends in the entire game.
 D = Other kills in this place as a percentage of other kills in the entire game.
 E = Experience gained in this place as a percentage of experience gained in the entire game.
 F = Experience gained in this place divided by the number of levels of this place that you have seen.
                   A       B       C       D       E      F
               +-------+-------+-------+-------+-------+----------------------
         Total | 100.0 | 100.0 |   N/A |   N/A | 100.0 | 143.0
       Dungeon | 100.0 | 100.0 |   N/A |   N/A | 100.0 | 143.0
               +-------+-------+-------+-------+-------+----------------------
